 Dungeon Crawl Stone Soup version 0.26.1-11-gd32895ea62 (webtiles) character file.

Game seed: 14331724893252368857

21 vvl the Chiller (level 2, 0/20 HPs)
             Began as a Demonspawn Ice Elementalist on June 4, 2021.
             Succumbed to an adder's poison
             ... on level 1 of the Dungeon.
             The game lasted 00:02:26 (1550 turns).

vvl the Chiller (Demonspawn Ice Elementalist)       Turns: 1550, Time: 00:02:27

Health: 0/20       AC: 10    Str:  8    XL:     2   Next: 62%
Magic:  5/5        EV:  3    Int: 16    God:
Gold:   51         SH:  0    Dex: 13    Spells: 4/5 levels left

rFire    . . .     SeeInvis .   c - +0 dagger
rCold    . . .     Faith    .   (no shield)
rNeg     . . .     Spirit   .   b - +0 chain mail (curse)
rPois    .         Reflect  .   (no helmet)
rElec    .         Harm     .   (no cloak)
rCorr    .         Rampage  .   (no gloves)
Will     .....                  (no boots)
Stlth    ..........             (no amulet)
HPRegen  0.06/turn              (no ring)
MPRegen  0.09/turn              (no ring)

@: lethally poisoned (0 -> -8)
A: yellow scales 1
a: no special abilities


You were on level 1 of the Dungeon.
You visited 1 branch of the dungeon, and saw 2 of its levels.

You collected 51 gold pieces.

Inventory:

Hand Weapons
 c - a +0 dagger (weapon)
Armour
 b - a cursed +0 chain mail (worn)
Scrolls
 d - 2 scrolls of remove curse {unknown}
 e - 3 scrolls of identify {unknown}
 f - a scroll of enchant armour {unknown}
 g - 2 scrolls of blinking {unknown}
 h - a scroll of fear {unknown}
Potions
 a - a potion of flight {unknown}
 i - a potion of degeneration {unknown}
 j - a potion of curing {unknown}
 k - a potion of brilliance {unknown}


   Skills:
 + Level 0.6 Fighting
 * Level 1.1 Armour
 + Level 2.0 Dodging
 - Level 1.7 Stealth
 + Level 2.2 Spellcasting
 + Level 3.7 Ice Magic


You had 4 spell levels left.
You knew the following spells:

 Your Spells              Type           Power        Failure   Level
a - Freeze                Ice            52%          100%        1

Your spell library contained the following spells:

 Spells                   Type           Power        Failure   Level
 Frozen Ramparts          Ice            26%          100%        3
 Ozocubu's Armour         Ice            13%          100%        3
 Hailstorm                Conj/Ice       7%           100%        4
 Summon Ice Beast         Ice/Summ       7%           100%        4


Dungeon Overview and Level Annotations

Branches:
Dungeon (2/15)

Altars:


Innate Abilities, Weirdness & Mutations

You are partially covered in yellow scales. (AC +2)


Message History

* * * LOW HITPOINT WARNING * * *
The adder bites you but does no damage.
You hit the adder.
The adder is heavily wounded.
The adder bites you but does no damage.
You hit the adder.
The adder is severely wounded.
The adder bites you but does no damage.
You hit the adder.
The adder is almost dead.
The adder bites you but does no damage. x2
You closely miss the adder.
The adder is almost dead.
The adder bites you.
* * * LOW HITPOINT WARNING * * *
You are lethally poisoned!
The adder poisons you!
You hit the adder.
You kill the adder!
You die...

#....# #....####
####.......#
#........#.#
#........#.#
###........#.#
#..........#.#
#######.#....#.#.#.#
................@#.#
#####.#.###......†.#
## #.#.# #.##.#####
.# #.#.###.##.....#
.# #.#.....######.#
.# #.#.....#### #.#
.# #..........# #.#
## #..........# #.#
#..........# #.#


There were no monsters in sight!

Vanquished Creatures
  An adder (D:1)
  A leopard gecko (D:1)
  A bat (D:1)
  A giant cockroach (D:1)
  4 goblins (D:1)
  4 hobgoblins (D:1)
  2 jackals (D:1)
  A ball python (D:1)
  3 rats (D:1)
18 creatures vanquished.

Notes
Turn   | Place    | Note
-------+----------+-------------------------------------------
     0 | D:1      | vvl the Demonspawn Ice Elementalist began the quest for the
                  | Orb.
     0 | D:1      | Reached XP level 1. HP: 13/13 MP: 3/3
   465 | D:1      | Gained mutation: You are partially covered in yellow
                  | scales. (AC +2) [demonic ancestry]
   465 | D:1      | Reached XP level 2. HP: 8/20 MP: 5/5
  1126 | D:1      | Reached skill level 1 in Armour
  1549 | D:1      | HP: 1/20 [adder (4)]
  1550 | D:1      | Succumbed to an adder's poison

Illustrated notes

Levels and vault maps discovered:
D:1:      eino_arrival_cavern_c, layout_basic
D:2:      minmay_razor_zed, layout_rooms, serial_co_window_serial,
          co_window_of_opportunity_a, co_window_paths_b, co_window_paths_b,
          co_window_paths_b, co_window_corner_a, co_window_paths_a,
          co_window_of_opportunity_a, co_window_of_opportunity_c,
          co_window_corner_cb, co_window_corner_ca, glass_columns_c,
          glass_columns_c, glass_columns_c, serial_bayou_pond_b

Skill      XL: |  1  2 |
---------------+-------+-----
Dodging        | 2 |  2.0
Armour         | 1 |  1.1
Fighting       | |  0.6
Stealth        | |  1.7
Spellcasting   | |  2.2
Ice Magic      | |  3.7

Action                   || total
-------------------------++-------
Melee: Dagger            ||   158
Armor: Chain mail        ||   141
Dodge: Dodged            ||    25
